General information
- name: BNet
- type: Ladder team game (AT/RT)
- host: Battle.net
- saver: s1xen
map: FullScaleAssault
- players: 8
- length: 02:49
- speed: Fast
- version: 1.24 W3XP
- replay type: Public
» download(13 KB)
Players
team 1 (winner)
SADA (
purple | 19 APM | 54 actions | 02:49)
» actions
| Build / train | 10 | |
| Enter build submenu | 7 | |
| Right click | 14 | |
| Select / deselect | 17 | |
| Use ability | 6 | |
54 total
» units
» buildings
| Orc Burrow | 2 | |
| War Mill | 1 | |
| Altar of Storms | 1 | |
| Barracks | 1 | |
| Voodoo Lounge | 1 | |
| Stronghold | 1 | |
7 total
» build order
00:14 Orc Burrow
00:27 War Mill
01:09 Altar of Storms
01:18 Orc Burrow
01:48 Barracks
02:15 Voodoo Lounge
02:48 Stronghold
PINAS-FTW (
orange | 21 APM | 60 actions | 02:49)
» actions
| Build / train | 8 | |
| Enter build submenu | 8 | |
| Remove unit from queue | 1 | |
| Right click | 9 | |
| Select / deselect | 29 | |
| Use ability | 5 | |
60 total
» units
» buildings
| Crypt | 1 | |
| Altar of Darkness | 2 | |
| Ziggurat | 2 | |
5 total
» build order
00:10 Crypt
00:18 Altar of Darkness
00:26 Altar of Darkness
00:38 Ziggurat
02:15 Ziggurat

»
groundnpound (
red | 25 APM | 70 actions | 02:49)
» actions
| Build / train | 12 | |
| ESC pressed | 1 | |
| Enter build submenu | 7 | |
| Right click | 11 | |
| Select / deselect | 33 | |
| Use ability | 6 | |
70 total
» units
» buildings
| Altar of Kings | 1 | |
| Farm | 3 | |
| Lumber Mill | 1 | |
| Keep | 1 | |
| Scout Tower | 1 | |
7 total
» build order
00:06 Altar of Kings
00:12 Farm
00:54 Lumber Mill
01:11 Farm
02:23 Keep
02:31 Farm
02:41 Scout Tower
SsasvulxemiT (
yellow | 29 APM | 81 actions | 02:49)
» actions
| Assign group hotkey | 1 | |
| Basic commands | 2 | |
| Build / train | 11 | |
| Enter build submenu | 8 | |
| Right click | 25 | |
| Select / deselect | 25 | |
| Use ability | 9 | |
81 total
» units
» upgrades
» buildings
| Altar of Kings | 1 | |
| Farm | 2 | |
| Barracks | 1 | |
| Scout Tower | 3 | |
| Arcane Tower | 1 | |
| Lumber Mill | 1 | |
| Arcane Vault | 1 | |
10 total
» build order
00:14 Altar of Kings
00:20 Farm
00:54 Barracks
01:07 Scout Tower
01:08 Scout Tower
01:44 Arcane Tower
02:00 Lumber Mill
02:09 Farm
02:17 Scout Tower
02:28 Arcane Vault
team 2 (loser)
truongrobe (
teal | 28 APM | 79 actions | 02:49)
» actions
| Build / train | 14 | |
| Enter build submenu | 7 | |
| Right click | 21 | |
| Select / deselect | 28 | |
| Use ability | 9 | |
79 total
» units
» buildings
| Altar of Kings | 1 | |
| Farm | 7 | |
| Barracks | 1 | |
9 total
» build order
00:22 Altar of Kings
00:38 Farm
00:38 Farm
01:16 Barracks
01:28 Farm
01:29 Farm
01:32 Farm
02:28 Farm
02:29 Farm
s1xen (
blue | 24 APM | 69 actions | 02:49)
1 Blood Mage
1 Flame Strike
» actions
| Basic commands | 5 | |
| Build / train | 9 | |
| Enter build submenu | 3 | |
| Enter hero's abilities submenu | 1 | |
| Remove unit from queue | 1 | |
| Right click | 14 | |
| Select / deselect | 26 | |
| Use ability | 10 | |
69 total
» units
» buildings
» build order
00:04 Altar of Kings
00:38 Farm
01:12 Farm
theshadowman (
green | 24 APM | 69 actions | 02:49)
» actions
| Assign group hotkey | 7 | |
| Build / train | 6 | |
| Enter build submenu | 5 | |
| Right click | 16 | |
| Select / deselect | 19 | |
| Select group hotkey | 11 | |
| Use ability | 5 | |
69 total
» units
| Acolyte | 2 | |
| Ghoul | 2 | |
| Crypt Fiend | 1 | |
5 total
» buildings
| Crypt | 1 | |
| Graveyard | 1 | |
| Ziggurat | 1 | |
| Altar of Darkness | 1 | |
| Tomb of Relics | 1 | |
| Nerubian Tower | 1 | |
6 total
» build order
00:09 Crypt
00:22 Graveyard
00:49 Ziggurat
01:03 Altar of Darkness
01:28 Tomb of Relics
02:13 Nerubian Tower
Shadowprime (
pink | 36 APM | 101 actions | 02:49)
» actions
| Build / train | 8 | |
| Enter build submenu | 3 | |
| Right click | 21 | |
| Select / deselect | 63 | |
| Use ability | 6 | |
101 total
» units
» buildings
| Altar of Elders | 1 | |
| Moon Well | 1 | |
| Ancient of War | 1 | |
3 total
» build order
00:06 Altar of Elders
00:12 Moon Well
00:22 Ancient of War
Chat log
(00:11 / Allies) theshadowman: im fiends dest
(00:15 / Allies) truongrobe: air
(00:29 / Allies) Shadowprime: chims
(00:46 / Allies) theshadowman: blue?
(00:50 / Allies) s1xen: knights
(00:53 / Allies) theshadowman: kk
(00:59 / Allies) theshadowman: we r cc then?
(01:05 / Allies) truongrobe: cc
(01:06 / Allies) s1xen: big map
(01:08 / Allies) truongrobe: not rush
(01:12 / Allies) theshadowman: np
(01:43 / Allies) Shadowprime: zzzzzzzzzzz
(02:00 / Allies) Shadowprime: your a fucking retard
(02:02 / Allies) theshadowman: wtf?
(02:04 / Allies) Shadowprime: wasting my time
(02:11 / Allies) s1xen: im proving a point to someone
(02:18 / Allies) Shadowprime: who
(02:20 / Allies) s1xen: sixen doesnt believe its possible to backstab in wc3
(02:23 / Allies) s1xen: im proving that you can
(02:40 / Allies) Shadowprime: who are u trying to convice?
(02:42 / Allies) Shadowprime: me?
(02:44 / Allies) s1xen: k, thanks, and sorry you had to get in the middle